AoeStats
← Leboeuf

Arena

510249837Analyzed
4v4 RM · 1d ago on Sep 30, 2026· 40m 36s· 8 players
Game mode
Random Map
Map size
Large (8 player)
Population
200
Speed
Normal
Resources
Standard
Victory
Conquest
Starting age
Dark Age
Ending age
Imperial Age
RankedLock teamsTeams togetherTeam positionsShared explorationLock speedFull tech treeHidden civsTurbo modeCheats
Victory
Defeat
🇵🇪 Jurchens · Peru
1275
+8
🇵🇪 Vikings · Peru
1053
+16
🇵🇪 Cumans · Peru
1045
+16
🇵🇪 Huns · Peru
1042
+16
🇨🇦 Celts · Canada
1097
-16
1070
-14
🇷🇺 Celts · Russia
1053
-14
🇲🇽 Berbers · Mexico
1021
-12
ULIMA | I AM Chris Fernando
12:45 Feudal Age
16:22 Castle Age
14:15 Double-Bit Axe
14:21 Gold Mining
15:52 Loom
16:42 Wheelbarrow
17:34 Horse Collar
19:14 Fervor
20:09 Town Watch
26:50 Forging
28:31 Hand Cart
29:33 Heavy Plow
30:09 Scale Barding Armor
30:40 Iron Casting
31:36 Bloodlines
32:35 Chain Barding Armor
32:57 Husbandry
34:10 Bow Saw
38:12 Imperial Age
38:13 Heavy Camel Rider
39:16 Conscription
39:12 Guilds
39:43 Gold Shaft Mining
40:01 Plate Barding Armor
dse_dll
7:15 Loom
11:05 Feudal Age
12:56 Wheelbarrow
17:40 Castle Age
17:28 Scale Barding Armor
17:35 Forging
20:49 Chain Barding Armor
22:07 Man-at-Arms
23:53 Iron Casting
23:26 Horse Collar
30:17 Bloodlines
34:15 Imperial Age
36:19 Conscription
36:50 Padded Archer Armor
36:40 Fletching
37:51 Heavy Camel Rider
Leboeuf
8:53 Loom
10:38 Feudal Age
12:01 Double-Bit Axe
12:29 Town Watch
12:36 Man-at-Arms
20:41 Wheelbarrow
23:45 Forging
24:01 Horse Collar
27:30 Gold Mining
29:48 Castle Age
31:10 Stone Mining
30:53 Long Swordsman
32:35 Gambesons
35:44 Forging
35:35 Scale Mail Armor
37:04 Heavy Plow
37:16 Bow Saw
38:19 Hand Cart
Cairo
0:41 Loom
13:02 Feudal Age
13:35 Double-Bit Axe
13:33 Horse Collar
13:44 Gold Mining
18:58 Castle Age
18:43 Man-at-Arms
21:54 Town Watch
26:54 Wheelbarrow
26:59 Fortified Wall
28:31 Forging
28:22 Scale Mail Armor
30:40 Pikeman
31:06 Gambesons
37:53 Imperial Age
Zairus
12:32 Feudal Age
12:46 Man-at-Arms
15:30 Forging
21:48 Scale Mail Armor
23:02 Double-Bit Axe
23:56 Arson
24:40 Horse Collar
29:18 Castle Age
28:33 Gold Mining
28:35 Stone Mining
28:39 Loom
32:43 Iron Casting
32:42 Bow Saw
34:48 Elite Skirmisher
35:43 Squires
35:32 Arson
37:18 Chain Mail Armor
39:00 Heavy Plow
Sobre el 1/50
4:53 Loom
9:12 Feudal Age
11:11 Double-Bit Axe
14:00 Fletching
22:34 Horse Collar
24:36 Wheelbarrow
27:45 Castle Age
29:35 Bow Saw
29:31 Heavy Plow
29:27 Stone Mining
31:38 Bodkin Arrow
31:44 Padded Archer Armor
32:05 Hand Cart
33:28 Town Watch
34:08 Leather Archer Armor
34:15 Ballistics
34:14 Gold Mining
35:54 Gold Shaft Mining
35:55 Town Patrol
36:39 Scale Barding Armor
37:27 Capped Ram
41:06 Imperial Age
MasoquistaDark
10:50 Feudal Age
9:10 Loom
9:19 Loom
15:28 Castle Age
14:09 Double-Bit Axe
14:50 Horse Collar
18:17 Heavy Plow
24:33 Forging
24:28 Scale Barding Armor
24:38 Bloodlines
26:09 Husbandry
26:15 Scale Barding Armor
26:46 Iron Casting
27:04 Wheelbarrow
26:33 Heavy Plow
27:17 Town Watch
28:58 Chain Barding Armor
29:50 Hand Cart
29:59 Bow Saw
30:23 Gold Mining
34:43 Imperial Age
34:54 Cavalier
36:12 Plate Barding Armor
36:49 Gold Shaft Mining
37:15 Paladin
Fandado
10:16 Feudal Age
14:13 Castle Age
12:41 Loom
12:56 Double-Bit Axe
12:52 Horse Collar
19:39 Wheelbarrow
20:16 Town Watch
21:55 Gold Mining
23:12 Bow Saw
24:51 Padded Archer Armor
26:22 Leather Archer Armor
27:37 Gold Shaft Mining
30:59 Imperial Age
30:21 Stone Mining
30:44 Siege Engineers
31:02 Leather Archer Armor
33:01 Chemistry
32:22 Ballistics
32:29 Hand Cart
34:01 Ring Archer Armor
35:39 Heavy Plow
37:38 Forging
37:28 Scale Mail Armor
36:53 Pikeman
37:33 Squires
38:46 Masonry
38:17 Treadmill Crane
39:34 Iron Casting
39:14 Chain Mail Armor
40:03 Conscription
41:01 Thunderclap Bombs
Connection lost

Rejoining the realm…

Still unreachable

The connection could not be restored.

Session expired

The server has moved on; the page needs a fresh start.